 Dungeon Crawl Stone Soup version 0.32-a0-913-g739538afd8 (webtiles) character file.

Game seed: 14607055952034606944

504 snarfax the Trooper (level 7, 0/114 HPs)
             Began as an Oni Berserker on Apr 9, 2024.
             Was a Believer of Trog.
             Slain by a killer bee (5 damage)
             ... on level 4 of the Dungeon.
             The game lasted 00:07:54 (2914 turns).

snarfax the Trooper (Oni Berserker)                 Turns: 2914, Time: 00:07:55

Health: 0/114      AC:  3    Str: 24    XL:     7   Next: 17%
Magic:  7/7        EV:  9    Int:  8    God:    Trog [**....]
Gold:   167        SH:  0    Dex:  8    Spells: 6/6 levels left

rFire   . . .        a - +0 hand axe
rCold   . . .        (no shield)
rNeg    . . .        b - +0 animal skin
rPois   .            (helmet restricted)
rElec   .            (no cloak)
rCorr   .            (gloves unavailable)
SInv    .            (boots unavailable)
Will    .....        (no amulet) Stlth
                     (no ring)
HPRegen 0.39/turn    (no ring)
MPRegen 0.10/turn

%: no passive effects
@: berserking, lethally poisoned (0 -> -8), very quick
A: large, unfitting armour, horns 1, tough skin 1, double potion healing,
drunken brawling
a: Renounce Religion, Berserk, Trog's Hand


You were on level 4 of the Dungeon.
You worshipped Trog.
Trog was pleased with you.
You visited 1 branch of the dungeon, and saw 4 of its levels.

You collected 167 gold pieces.

Inventory:

Hand Weapons
 a - a +0 hand axe (weapon)
Missiles
 c - 14 poisoned darts
 h - 6 javelins
Armour
 b - a +0 animal skin (worn)
Wands
 j - a wand of mindburst (11)
Scrolls
 e - 2 scrolls of enchant weapon
 k - a scroll of vulnerability
Potions
 d - a potion of magic
 g - 3 potions of heal wounds (quivered)
 i - 2 potions of brilliance {unknown}


   Skills:
 + Level 6.8 Fighting
 * Level 6.7 Axes
 - Level 2.6 Dodging


You had 6 spell levels left.
You didn't know any spells.
Your spell library was empty.

Dungeon Overview and Level Annotations

Branches:
Dungeon (4/15)
 Temple: D:4-7

Altars:

Shops:
D:1 =   D:3 :


Innate Abilities, Weirdness & Mutations

You are too large for most types of armour.
You have a pair of small horns on your head.
You have tough skin. (AC +1)
You gain doubled healing and magic from potions.
Whenever you drink a healing potion, you attack all around you.


Message History

The killer bee poisons you! The killer bee stings you.
* * * LOW HITPOINT WARNING * * *
The killer bee barely misses you.
You miss the killer bee.
The killer bee is heavily wounded.
You barely miss the killer bee.
You feel sick.
The killer bee stings you but does no damage.
The killer bee stings you.
* * * LOW HITPOINT WARNING * * *
Unknown command.
Unknown command.
You miss the killer bee.
The killer bee is heavily wounded.
You closely miss the killer bee.
You feel sick. The killer bee stings you.
* * * LOW HITPOINT WARNING * * *
You are lethally poisoned!
The killer bee poisons you! The killer bee barely misses you. x2
The killer bee stings you but does no damage.
You closely miss the killer bee.
The killer bee is heavily wounded.
You hit the killer bee.
* * * LOW HITPOINT WARNING * * *
You feel very sick.
The killer bee stings you but does no damage.
The killer bee stings you.
* * * LOW HITPOINT WARNING * * *
You miss the killer bee.
The killer bee is heavily wounded.
You closely miss the killer bee.
* * * LOW HITPOINT WARNING * * *
You feel sick. The killer bee closely misses you.
The killer bee stings you but does no damage.
Unknown command.
You barely miss the killer bee. Your headbutt misses the killer bee.
The killer bee is almost dead.
You miss the killer bee.
* * * LOW HITPOINT WARNING * * *
You feel very sick. The killer bee stings you.
You die...

#.)..# ....#...........#
##+####### #..#####...##
.y.......####+###.##...#
.........#.............#
.........#.............#
.........#.............#
.........########..##..#
#####+#........##..#####
+.....'........y@...#
#.....#........#y...#
#.....#........#....#
#######........######
#####...........#
#..<#....y......#
.....#...#......>....#
.....#...#........y.y#
.....#...#..y..y......


You could see 2 killer bees.

Vanquished Creatures
  Sigmund (D:4)
  3 killer bees (D:4)
  An orc priest (D:3)
  A hound (D:3)
  An orc wizard (D:3)
  A gnoll (D:1)
  3 adders (D:3)
  A dart slug (D:1)
  A ribbon worm (D:2)
  6 orcs
  6 bats
  6 endoplasms
  3 giant cockroaches (D:3)
  6 goblins
  5 hobgoblins
  4 jackals (D:1)
  2 kobolds
  3 quokkas
  3 ball pythons
  6 frilled lizards
  4 rats
67 creatures vanquished.

Vanquished Creatures (others)
  An orc wizard (D:3)
1 creature vanquished.

Grand Total: 68 creatures vanquished

Notes
Turn   | Place    | Note
-------+----------+-------------------------------------------
     0 | D:1      | snarfax the Oni Berserker began the quest for the Orb.
     0 | D:1      | Reached XP level 1. HP: 24/24 MP: 1/1
   176 | D:1      | Reached XP level 2. HP: 17/33 MP: 2/2
   374 | D:1      | Reached XP level 3. HP: 39/40 MP: 3/3
   667 | D:1      | Reached ** piety under Trog
   821 | D:1      | Found Osey's Jewellery Boutique.
  1516 | D:2      | Reached XP level 4. HP: 46/49 MP: 4/4
  1641 | D:3      | Reached skill level 5 in Fighting
  1814 | D:3      | Reached XP level 5. HP: 39/57 MP: 5/5
  1820 | D:3      | Reached skill level 5 in Axes
  2381 | D:3      | Found Xoupusido's Book Shop.
  2758 | D:4      | Noticed Sigmund
  2778 | D:4      | Killed Sigmund
  2779 | D:4      | Reached XP level 6. HP: 68/68 MP: 6/6
  2905 | D:4      | Reached XP level 7. HP: 59/76 MP: 7/7
  2914 | D:4      | HP: 5/114 [poisoned by a killer bee]
  2914 | D:4      | Slain by a killer bee

Illustrated notes

Levels and vault maps discovered:
D:1:      lightli_arrival_isolated_outpost, layout_basic, serial_shops,
          nicolae_shop_tiny_statue_garden
D:2:      layout_basic, minmay_misc_feat_nine_boxes, minmay_lizard_pond
D:3:      layout_loops_ring, serial_shops, shop
D:4:      layout_gridville, uniq_sigmund, uniq_pikel

Skill      XL: |  1  2  3  4  5 |
---------------+----------------+-----
Axes           | 4 6 |  6.7
Fighting       | 5 6 |  6.8
Dodging        | |  2.6

Action                     |  1- 3 |  4- 6 |  7- 9 || total
---------------------------+-------+-------+-------++-------
  Melee: Hand axe          |    87 |    95 |    10 ||   192
         Headbutt          |     8 |    12 |       ||    20
  Throw: Dart              |     7 |    15 |       ||    22
 Invoke: Berserk           |     1 |     4 |       ||     5
    Use: Scroll            |     3 |     3 |       ||     6
         Potion            |       |     1 |       ||     1
 Armour: Animal skin       |    57 |    75 |    16 ||   148
  Dodge: Dodged            |    36 |    41 |     4 ||    81

Table legend: (Time is in decaauts)
 A = Elapsed time spent in this place.
 B = Non-inter-level travel time spent in this place.
 C = Inter-level travel time spent in this place.
 D = Time resting spent in this place.
 E = Time spent auto-exploring this place.
 F = Levels seen in this place.
 G = Mean time per level.
                   A        B        C        D        E       F      G
               +--------+--------+--------+--------+--------+-----+--------+
         Total |   2964 |   2906 |     58 |    270 |   2082 |   4 |  741.0 |
       Dungeon |   2964 |   2906 |     58 |    270 |   2082 |   4 |  741.0 |
               +--------+--------+--------+--------+--------+-----+--------+

Top non-repeatable levels by time:
     D:3: 964 daAuts
     D:1: 904 daAuts
     D:2: 740 daAuts
     D:4: 355 daAuts
